 Dungeon Sprint DCSS version 0.17-a0-1468-gbf503c2 (webtiles) character file.

284 pulse the Blocker (level 6, -1/55 HPs)
             Began as a Formicid Fighter on July 1, 2015.
             Slain by a centaur warrior (11 damage)
             ... in the Dungeon (Sprint IX: "|||||||||||||||||||||||||||||").
             The game lasted 00:00:29 (148 turns).

pulse the Blocker (Formicid Fighter)                 Turns: 148, Time: 00:00:29

Health: -1/55      AC:  7    Str: 23    XL:     6   Next: 55%
Magic:  6/6        EV: 11    Int:  7    God:
Gold:   0          SH: 11    Dex: 10    Spells: 0 memorised, 5 levels left

rFire  . . .     SeeInvis +     a - +0 long sword
rCold  . . .     Clarity  .     b - +0 scale mail
rNeg   . . .     SustAt   .     c - +0 shield
rPois  .         Gourm    .     (helmet unavailable)
rElec  .         Spirit   .     (no cloak)
rCorr  .         Warding  .     (no gloves)
rMut   .         Stasis   +     (no boots)
MR     .....                    (no amulet)
Stlth  ..........               (no ring)
                                (no ring)

@: not resistant to hostile enchantments, extremely unstealthy
A: permanent stasis, dig shafts and tunnels, four strong arms, antennae 3
a: Dig


You were in the Dungeon.
You were not hungry.

You visited 1 branch

Inventory:

Hand weapons
 a - a +0 long sword (weapon)
Armour
 b - a +0 scale mail (worn)
 c - a +0 shield (worn)
Magical devices
 o - a wand of fire (7)
Scrolls
 k - 2 scrolls of blinking
 m - 3 scrolls of remove curse
 n - 2 scrolls of amnesia
Potions
 d - a potion of might
 f - 5 potions of curing
 g - 2 potions of heal wounds
 h - a potion of haste
 i - 4 potions of magic
 j - a potion of berserk rage
 l - a potion of invisibility
Comestibles
 e - a bread ration


   Skills:
 + Level 7.3 Fighting
 + Level 5.3 Long Blades
 + Level 7.1 Armour
 + Level 4.2 Dodging
 + Level 0.3 Stealth
 + Level 8.6 Shields


You had 5 spell levels left.
You didn't know any spells.

Dungeon Overview and Level Annotations

Branches:
Dungeon (1/1)

Altars:
Cheibriados
Dithmenos
Elyvilon
Fedhas
Gozag
Kikubaaqudgha
Makhleb
Nemelex Xobeh
Okawaru
Qazlal
Ru
Sif Muna
Trog
Vehumet
Xom
Yredelemnul
Zin
The Shining One
Beogh
Jiyva
Lugonu


Innate Abilities, Weirdness & Mutations

You are under a permanent stasis effect.
You can dig through walls and to a lower floor.
Your four strong arms can wield two-handed weapons with a shield.
You have a pair of large antennae on your head (SInv).


Message History

You open the door.
A hound, a gargoyle, 2 centaurs, a troll and a hungry ghost come into view.
The troll shouts!
The centaur warrior shouts!
The hound barks!
The centaur shouts!
The centaur wields a shortbow.
The centaur shoots an arrow.
The arrow hits you.
* * * LOW HITPOINT WARNING * * *
You block the crimson imp's attack.
The centaur shoots an arrow.
The arrow hits you.
* * * LOW HITPOINT WARNING * * *
Unknown command.
Unknown command.
The centaur unwields an uncursed shortbow.
You block the centaur's attack.
There is an open door here.
Unknown command.
You slash the centaur!
The centaur is heavily wounded.
The crimson imp barely misses you.
You barely miss the centaur warrior. The centaur warrior hits you!
You die...

▓+▓
▓9▓
▓T▓
▓W▓
▓h▓
▓c▓
▓c▓
▓@▓
▓5▓
▓.▓
{
▓.▓
{
▓.▓
{
▓.▓
▓†▓
{
▓'▓
{
▓=▓


You could see a centaur warrior, a troll, a hungry ghost, a gargoyle, a centaur,
a hound and a crimson imp.

Vanquished Creatures
  A steam dragon (D)
  A giant frog (D)
  A crimson imp (D)
  A hound (D)
  An adder skeleton (D)
  A bat (D)
  2 bat skeletons (D)
  2 hobgoblins (D)
  2 kobolds (D)
  A goblin (D)
  2 rats (D)
15 creatures vanquished.

Notes
Turn   | Place    | Note
--------------------------------------------------------------
     0 | D        | pulse the Formicid Fighter began the quest for the Orb.
     0 | D        | Reached XP level 1. HP: 18/18 MP: 1/1
    11 | D        | Reached skill level 4 in Armour
    21 | D        | Noticed a crimson imp
    25 | D        | Reached XP level 2. HP: 25/25 MP: 2/2
    44 | D        | Found a glowing silver altar of Zin.
    44 | D        | Found a glowing golden altar of the Shining One.
    44 | D        | Found an ancient bone altar of Kikubaaqudgha.
    44 | D        | Found a basalt altar of Yredelemnul.
    44 | D        | Found a shimmering altar of Xom.
    44 | D        | Found a radiant altar of Vehumet.
    45 | D        | Found an iron altar of Okawaru.
    46 | D        | Found a burning altar of Makhleb.
    47 | D        | Found a deep blue altar of Sif Muna.
    48 | D        | Found a bloodstained altar of Trog.
    49 | D        | Found a sparkling altar of Nemelex Xobeh.
    50 | D        | Found a white marble altar of Elyvilon.
    51 | D        | Found a roughly hewn altar of Beogh.
    52 | D        | Found a viscous altar of Jiyva.
    53 | D        | Found a corrupted altar of Lugonu.
    54 | D        | Found a blossoming altar of Fedhas.
    55 | D        | Found a snail-covered altar of Cheibriados.
    56 | D        | Found a shadowy altar of Dithmenos.
    57 | D        | Found a stormy altar of Qazlal.
    58 | D        | Found an opulent altar of Gozag.
    61 | D        | Found a sacrificial altar of Ru.
    92 | D        | Noticed a crimson imp
    92 | D        | Noticed a hound
    92 | D        | Noticed a steam dragon
    92 | D        | Noticed a giant frog
   100 | D        | Killed a giant frog
   100 | D        | Reached skill level 5 in Fighting
   100 | D        | Reached skill level 5 in Armour
   100 | D        | Reached skill level 1 in Dodging
   100 | D        | Reached skill level 6 in Shields
   100 | D        | Reached XP level 3. HP: 21/34 MP: 3/3
   100 | D        | Reached XP level 4. HP: 24/40 MP: 4/4
   105 | D        | HP: 2/40 [steam dragon] (4)]
   113 | D        | Killed a steam dragon
   113 | D        | Reached skill level 7 in Fighting
   113 | D        | Reached skill level 5 in Long Blades
   113 | D        | Reached XP level 5. HP: 18/48 MP: 5/5
   113 | D        | Reached XP level 6. HP: 20/55 MP: 6/6
   132 | D        | Killed a hound
   132 | D        | Reached skill level 8 in Shields
   139 | D        | Killed a crimson imp
   145 | D        | Noticed a gargoyle
   145 | D        | Noticed a troll
   145 | D        | Noticed a hungry ghost
   145 | D        | Noticed a centaur warrior
   145 | D        | Noticed a hound
   145 | D        | Noticed a centaur
   148 | D        | Slain by a centaur warrior

Vault maps used:
D:        linesprint

Action                   |  1- 3 |  4- 6 || total
-------------------------+-------+-------++-------
Melee: Long sword        |    45 |    38 ||    83
  Use: Potion            |       |     1 ||     1
